 Dungeon Crawl Stone Soup version 0.31-a0-859-g9dce7d3444 (webtiles) character file.

Game seed: 8286045295236327591

3500 TheGamechu the Grappler (level 9, -3/78 (84) HPs)
             Began as a Troll Fighter on Oct 9, 2023.
             Was an Elder of Wu Jian.
             Killed from afar by Jeremiah (18 damage)
             ... with a bolt of light
             ... on level 7 of the Dungeon.
             The game lasted 00:12:33 (5604 turns).

TheGamechu the Grappler (Troll Fighter)             Turns: 5604, Time: 00:12:33

HP:   -3/78 (84)    AC:  5    Str: 26    XL:     9   Next: 80%
MP:   8/8           EV: 11    Int:  4    God:    Wu Jian [****..]
Gold: 303           SH: 10    Dex: 19    Spells: 8/8 levels left

rFire   . .          .
                       - Unarmed
rCold   . . .        b - +0 kite shield
rNeg    . . .        a - +0 robe
rPois   .            (helmet restricted)
rElec   .            o - +0 cloak
rCorr   .            (gloves unavailable)
SInv    .            (boots unavailable)
Will    .....        (no amulet)
Stlth   ++           u - +6 ring of dexterity
HPRegen 1.13/turn    (no ring)
MPRegen 0.11/turn

%: no passive effects
@: exhausted, drained
A: large, unfitting armour, claws 3, regeneration 1, shaggy fur 1, tough skin 1
a: Renounce Religion, Wall Jump, Serpent's Lash


You were on level 7 of the Dungeon.
You worshipped Wu Jian.
Wu Jian was greatly pleased with you.
You visited 2 branches of the dungeon, and saw 8 of its levels.
You also visited: Sewer.

You collected 303 gold pieces.

Inventory:

Missiles
 i - 88 stones
 l - 25 poisoned darts
 m - 9 boomerangs (quivered)
Armour
 a - a +0 robe (worn)
 b - a +0 kite shield (worn)
 o - a +0 cloak (worn)
Jewellery
 u - a +6 ring of dexterity (left claw)
 w - a +6 ring of intelligence
Wands
 x - a wand of roots (10)
 y - a wand of charming (2)
Scrolls
 d - a scroll of fog {unknown}
 e - 2 scrolls of poison {unknown}
 f - 3 scrolls of revelation
 g - 5 scrolls of teleportation
 h - 2 scrolls of identify
 k - 3 scrolls of enchant armour {unknown}
 p - 2 scrolls of butterflies {unknown}
 t - a scroll of noise {unknown}
 v - a scroll of amnesia {unknown}
 C - a scroll of acquirement {unknown}
Potions
 c - 3 potions of might
 j - a potion of heal wounds {unknown}
 n - 3 potions of magic
 q - 2 potions of mutation
 r - 3 potions of curing
 s - 2 potions of attraction
 z - a potion of degeneration
 A - 2 potions of haste {unknown}
 B - a potion of brilliance {unknown}
 D - a potion of enlightenment {unknown}
 E - 2 potions of invisibility {unknown}


   Skills:
 + Level 4.2 Fighting
 * Level 5.2 Throwing
 + Level 4.1 Dodging
 + Level 4.6 Shields
 + Level 10.8 Unarmed Combat


You had 8 spell levels left.
You didn't know any spells.
Your spell library contained the following spells:

 Spells                   Type           Power      Damage    Failure   Level
 Apportation              Tloc           0%         N/A       75%         1
 Necrotise                Necr           0%         1d4       75%         1
 Sandblast                Erth           0%         2d4       75%         1
 Summon Small Mammal      Summ           0%         N/A       75%         1
 Cigotuvi's Dreadful Rot  Necr/Pois/Air  0%         N/A       86%         2
 Passwall                 Tmut/Erth      0%         N/A       86%         2
 Ignite Poison            Fire/Tmut/Pois 0%         N/A       98%         3
 Stone Arrow              Conj/Erth      0%         3d7       98%         3
 Volatile Blastmotes      Fire/Tloc      0%         2d10      98%         3
 Brom's Barrelling Bould  Conj/Erth      0%         2d3       100%        4
 Fulminant Prism          Conj/Hex       0%         3d5       100%        4
 Iskenderun's Mystic Bla  Conj/Tloc      0%         2d3       100%        4
 Freezing Cloud           Conj/Ice/Air   0%         6-21      100%        5


Dungeon Overview and Level Annotations

Branches:
Dungeon (7/15)             Temple (1/1) D:6           Sewer (visited)

Altars:
Ashenzari
Cheibriados
Dithmenos
Elyvilon
Fedhas
Gozag
Hepliaklqana
Kikubaaqudgha
Makhleb
Nemelex Xobeh
Okawaru
Ru
Sif Muna
Trog
Uskayaw
Wu Jian
Xom
Yredelemnul
Zin
The Shining One

Shops:
D:3 :

Annotations:
D:7 Jeremiah


Innate Abilities, Weirdness & Mutations

You are too large for most types of armour.
You have claws for hands.
Your natural rate of healing is unusually fast.
You are covered in fur. (AC +1)
You have tough skin. (AC +1)


Message History

You block Jeremiah's attack.
You claw Jeremiah!
Jeremiah is moderately wounded.
Jeremiah hits you with a +3 trident of draining.
You feel drained.
You claw Jeremiah!
Jeremiah is heavily wounded.
The butterfly disappears in a burst of colours!
You block Jeremiah's attack.
Your muscles tense, ready for explosive movement...
You closely miss Jeremiah.
Jeremiah is heavily wounded.
The butterfly disappears in a burst of colours! x3
Jeremiah hits you with a +3 trident of draining.
You feel drained.
You scratch Jeremiah.
Jeremiah is severely wounded.
Jeremiah wails, "It wants to be free!
It wants to enslave everyone!"
Jeremiah zaps a wand.
The bolt of light hits you!
You are confused.
* * * LOW HITPOINT WARNING * * *
You closely miss Jeremiah.
Jeremiah is severely wounded.
The butterfly disappears in a burst of colours! x2
Your supernatural speed expires.
Jeremiah hits you with a +3 trident of draining.
* * * LOW HITPOINT WARNING * * *
You feel drained.
* * * LOW HITPOINT WARNING * * *
You bump into the rock wall.
The butterfly disappears in a burst of colours!
Jeremiah hits you with a +3 trident of draining.
* * * LOW HITPOINT WARNING * * *
You feel drained.
* * * LOW HITPOINT WARNING * * *
You feel less confused.
The butterfly disappears in a burst of colours! x2
Jeremiah zaps a wand.
The bolt of light hits you!!
You die...
Jeremiah wails, "I didn't mean to kill anyone!
I'm not a murderer!"

...^..#....... ......##
#.........##..##......##
.........###...........##
##.......# #...........#
##......## #..........#
........## #..........#
...<)....# #.b..b.....#
..)).....# #bbbb......#
...)###..######F@..b...##
.....##..#))..bbbb.b....#
......##.#)###....b.....#
....#.##...###..........#
....#.##.....#.b........#
.........###.#.b.b......#
..###.#..## ..#..b.....##
.####.....###.........##
..##........####.......


You could see Jeremiah.

Vanquished Creatures
  A hornet (D:6)
  Sigmund (D:5)
  2 wyverns
  2 water moccasins (D:6)
  2 ice beasts
  2 orc warriors (D:7)
  2 sky beasts
  3 black bears (D:6)
  2 ogres
  A centaur (D:6)
  2 phantoms (D:4)
  A kobold brigand (D:6)
  Blork the orc (D:4)
  2 bullfrogs (D:6)
  4 scorpions
  7 jellies
  2 hounds (D:6)
  2 iguanas
  A scorpion zombie (D:3)
  7 orc wizards
  A hound zombie (D:3)
  Robin (D:4)
  7 gnolls (D:5)
  6 adders
  3 river rats (Sewer)
  2 white imps (D:6)
  3 ufetubi
  2 adder zombies (D:3)
  4 worms
  4 dart slugs
  31 orcs
  17 ball pythons
  17 endoplasms
  11 giant cockroaches
  13 goblins
  9 hobgoblins
  14 jackals
  A quokka (D:4)
  A ball python skeleton (D:3)
  A ball python zombie (D:3)
  5 bats
  7 frilled lizards
  A giant cockroach zombie (D:3)
  15 kobolds
  9 rats
232 creatures vanquished.

Notes
Turn   | Place    | Note
-------+----------+-------------------------------------------
     0 | D:1      | TheGamechu the Troll Fighter began the quest for the Orb.
     0 | D:1      | Reached XP level 1. HP: 22/22 MP: 0/0
   564 | D:1      | Found a faded altar of an unknown god.
   623 | D:1      | Reached XP level 2. HP: 27/29 MP: 1/1
   798 | D:1      | Reached skill level 3 in Unarmed Combat
   918 | D:2      | Reached XP level 3. HP: 26/36 MP: 2/2
  1017 | D:2      | Found an ornate altar of the Wu Jian Council.
  1297 | D:2      | Noticed a scorpion
  1304 | D:2      | Killed a scorpion
  1305 | D:2      | Reached skill level 4 in Unarmed Combat
  1305 | D:2      | Reached XP level 4. HP: 37/44 MP: 3/3
  1375 | D:2      | Reached skill level 5 in Unarmed Combat
  1379 | D:2      | Reached XP level 5. HP: 37/50 MP: 4/4
  1812 | D:2      | Became a worshipper of the Wu Jian Council
  1823 | D:3      | Found Dianamix's Book Shoppe.
  1910 | D:3      | Found a hazy altar of Hepliaklqana.
  1910 | D:3      | Found a sacrificial altar of Ru.
  1911 | D:3      | Found a hide-covered altar of Uskayaw.
  2109 | D:3      | Reached skill level 6 in Unarmed Combat
  2252 | D:3      | Found a glowing golden altar of the Shining One.
  2461 | D:4      | Reached * piety under Wu Jian
  2635 | D:4      | Reached XP level 6. HP: 56/59 MP: 5/5
  2688 | D:4      | Noticed Blork the orc
  2696 | D:4      | Killed Blork the orc
  2719 | D:4      | Noticed Robin
  2731 | D:4      | Killed Robin
  2740 | D:4      | Reached skill level 7 in Unarmed Combat
  2757 | D:4      | Reached ** piety under Wu Jian
  2821 | D:4      | Reached XP level 7. HP: 59/66 MP: 6/6
  3090 | D:5      | Entered Level 5 of the Dungeon
  3187 | D:5      | Reached skill level 8 in Unarmed Combat
  3247 | D:5      | Found a glowing drain.
  3254 | Sewer    | Entered a sewer
  3310 | Sewer    | Reached *** piety under Wu Jian
  3364 | Sewer    | Found a viscous altar of Jiyva.
  3406 | Sewer    | Identified the +1 robe "Jiawnel" {Harm rPois rCorr Int-5}
  3461 | Sewer    | Identified the +4 sling of Corporal Punishment {heavy,
                  | rCorr}
  3648 | D:5      | Reached skill level 9 in Unarmed Combat
  3679 | D:5      | Reached XP level 8. HP: 74/74 MP: 7/7
  3776 | D:5      | Noticed Sigmund
  3789 | D:5      | Killed Sigmund
  3790 | D:5      | Reached skill level 10 in Unarmed Combat
  4162 | D:6      | Reached skill level 1 in Throwing
  4280 | D:6      | Found a glowing silver altar of Zin.
  4344 | D:6      | Reached **** piety under Wu Jian
  4411 | D:6      | Reached XP level 9. HP: 71/83 MP: 8/8
  4681 | D:6      | Found a staircase to the Ecumenical Temple.
  4684 | D:6      | Paralysed by a hornet for 2 turns
  5041 | Temple   | Entered the Ecumenical Temple
  5512 | D:7      | Reached skill level 5 in Throwing
  5575 | D:7      | Noticed Jeremiah
  5604 | D:7      | Killed from afar by Jeremiah

Illustrated notes

Levels and vault maps discovered:
D:1:      dpeg_arrival_rooms_c, layout_loops_ring,
          shapermc_ecumenical_altar_ellora
D:2:      layout_loops_cross, serial_co_window_serial,
          co_window_of_opportunity_a, co_window_paths_a, co_window_paths_a,
          co_window_paths_b, co_window_paths_b, co_window_of_opportunity_b,
          co_window_broadway_a, co_window_cross_3, co_window_4corner_a,
          glass_columns_b, basic_altar
D:3:      layout_loops_ring, tso_metal_star,
          chequers_temple_overflow_statue_of_worship, serial_shops, shop,
          serial_undead, serial_undead_c, serial_undead_e, serial_undead_d,
          serial_undead_f
D:4:      layout_basic, uniq_blork_the_orc, uniq_robin
D:5:      layout_basic, portal_sewer_entry_e, minmay_misc_feat_chi,
          bh_walls_and_bars, uniq_sigmund
D:6:      dreamdust_elfheim, layout_cave_pods, zin_academy,
          minmay_temple_entry_water_ring, minmay_alternating_orb
D:7:      layout_rooms, uniq_jeremiah
Temple:   regret_index_temple_waves

Skill      XL: |  1  2  3  4  5  6  7  8  9 |
---------------+----------------------------+-----
Unarmed Combat | 3 4 5 6 7 9 10 | 10.8
Throwing       | 3 5 |  5.2
Shields        | 3 4 |  4.6
Fighting       | 3 4 |  4.2
Dodging        | 3 4 |  4.1

Action                     |  1- 3 |  4- 6 |  7- 9 || total
---------------------------+-------+-------+-------++-------
  Melee: Unarmed           |    73 |   175 |   289 ||   537
  Throw: Boomerang         |       |       |    15 ||    15
 Invoke: Serpent's Lash    |       |       |     1 ||     1
Ability: Lunge             |       |    20 |    22 ||    42
         Whirlwind         |       |       |    29 ||    29
    Use: Scroll            |       |       |     7 ||     7
   Stab: Sleeping          |     2 |     2 |     3 ||     7
 Armour: Robe              |    29 |    85 |   171 ||   285
  Dodge: Dodged            |    30 |    44 |    98 ||   172
  Block: Kite shield       |    18 |    58 |   118 ||   194

Table legend: (Time is in decaauts)
 A = Elapsed time spent in this place.
 B = Non-inter-level travel time spent in this place.
 C = Inter-level travel time spent in this place.
 D = Time resting spent in this place.
 E = Time spent auto-exploring this place.
 F = Levels seen in this place.
 G = Mean time per level.
                   A        B        C        D        E       F      G
               +--------+--------+--------+--------+--------+-----+--------+
         Total |   5601 |   5346 |    255 |    121 |   3963 |   9 |  622.3 |
       Dungeon |   5376 |   5121 |    255 |    121 |   3853 |   7 |  768.0 |
        Temple |      1 |      1 |      0 |      0 |      0 |   1 |    1.0 |
         Sewer |    224 |    224 |      0 |      0 |    110 |   1 |  224.0 |
               +--------+--------+--------+--------+--------+-----+--------+

Top non-repeatable levels by time:
     D:6: 1013 daAuts
     D:2: 986 daAuts
     D:1: 841 daAuts
     D:5: 820 daAuts
     D:3: 636 daAuts
     D:4: 629 daAuts
     D:7: 448 daAuts
   Sewer: 224 daAuts
  Temple: 1 daAuts
